 Dungeon Crawl Stone Soup version 0.21.2 (webtiles) character file.

1 glosham the Skirmisher (level 1, -1/18 HPs)
             Began as a Formicid Berserker on Dec 18, 2018.
             Was a Follower of Trog.
             Slain by a centaur warrior skeleton (3 damage)
             ... on level 15 of the Dungeon.
             The game lasted 00:03:48 (126 turns).

glosham the Skirmisher (Formicid Berserker)          Turns: 126, Time: 00:03:48

Health: -1/18      AC:  2    Str: 21    XL:     1   Next: 22%
Magic:  1/1        EV:  2    Int:  6    God:    Trog [*.....]
Gold:   0          SH:  0    Dex: 10    Spells: 0/0 levels left

rFire    . . .     SeeInvis +   a - +0 hand axe
rCold    . . .     Gourm    .   (no shield)
rNeg     + + +     Faith    .   e - +0 animal skin
rPois    ∞         Spirit   .   (helmet unavailable)
rElec    .         Reflect  .   (no cloak)
rCorr    .         Harm     .   (no gloves)
MR       .....                  (no boots)
Stlth    ..........             (no amulet)
HPRegen  0.06/turn              g - ring of loudness (curse)
MPRegen  0.07/turn              (no ring)

@: petrified
A: permanent stasis, dig shafts and tunnels, four strong arms, antennae 3
a: Dig, Shaft Self, Burn Spellbooks, Renounce Religion


You were on level 15 of the Dungeon.
You worshipped Trog.
Trog was aware of your devotion.
You were not hungry.

You visited 1 branch of the dungeon, and saw 8 of its levels.

Inventory:

Hand Weapons
 a - a +0 hand axe (weapon)
 b - a +0 hunting sling
Missiles
 d - 22 stones (quivered)
Armour
 e - a +0 animal skin (worn)
Jewellery
 g - a cursed ring of loudness (left hand)
Comestibles
 c - a ration


   Skills:
 - Level 3.2 Fighting
 * Level 3.1 Axes
 - Level 2.1 Armour
 - Level 1.7 Dodging


You couldn't memorise any spells.
You didn't know any spells.

Dungeon Overview and Level Annotations

Branches:
Dungeon (11/15)
 Temple: D:4-7         Lair: D:8-11         Orc: D:9-12

Altars:

Annotations:
D:3 Sigmund


Innate Abilities, Weirdness & Mutations

You cannot be hasted, slowed, berserked, paralysed or teleported.
You can dig through walls and to a lower floor.
Your four strong arms can wield two-handed weapons with a shield.
You have a pair of large antennae on your head. (SInv)


Message History

A troll comes into view.
The troll shouts!
You hear an angry hiss.
Are you sure you want to shaft yourself?
You feel somewhat more hungry. A shaft appears beneath you!
You fall through a shaft for 3 floors!
The shaft crumbles and collapses.
A hound and a meliai come into view.
The hound barks!
The meliai buzzes angrily.
You hear an angry buzzing noise.
You hear an angry hiss.
Found a flail.
Are you sure you want to shaft yourself?
You feel quite a bit more hungry. The hound bites you. x2
A shaft appears beneath you!
You fall through a shaft!
The shaft crumbles and collapses.
Beware, you cannot shaft yourself on this level.
A freezing wraith and a skeleton come into view.
Found 26 arrows.
Found a hand axe.
The centaur warrior skeleton hits you!
Found 20 gold pieces.
You open the door.
The centaur warrior skeleton closely misses you.
The centaur warrior skeleton barely misses you.
There is an open door here.
The centaur warrior skeleton misses you.
A basilisk and a troll come into view.
The basilisk hisses angrily.
The troll shouts!
You hear a shout!
The basilisk gazes at you.
You are slowing down.
The basilisk gazes at you.
Your limbs have turned to stone.
The centaur warrior skeleton hits you!
* * * LOW HITPOINT WARNING * * *
You have turned to stone.
The centaur warrior skeleton hits you.
* * * LOW HITPOINT WARNING * * *
The centaur warrior skeleton hits you.
You die...

{ ......#
#####.....# ######
#...+.....# #.....
#...#.....# #.....
#.$.#.....#
##.....###...#.....#
.............#T....#
.........#'###@...#
.........#..WZ....#
........W#####....#
.............#l####
.............#.#
.)...........#.#
.............#.#
.........#####.#
.........#{ .#


You could see a freezing wraith, a troll, a basilisk and a centaur warrior
skeleton.

Vanquished Creatures
  A bat (D:3)
  A frilled lizard (D:3)
2 creatures vanquished.

Vanquished Creatures (others)
  4 toadstools (D:1)
4 creatures vanquished.

Grand Total: 6 creatures vanquished

Notes
Turn   | Place    | Note
-------+----------+-------------------------------------------
     0 | D:1      | glosham the Formicid Berserker began the quest for the Orb.
     0 | D:1      | Reached XP level 1. HP: 18/18 MP: 1/1
     3 | D:1      | You fall through a shaft!
    42 | D:2      | You fall through a shaft!
    53 | D:3      | Noticed Sigmund
    55 | D:3      | You fall through a shaft for 2 floors!
    55 | D:5      | Entered Level 5 of the Dungeon
    66 | D:5      | You fall through a shaft for 3 floors!
    66 | D:8      | Noticed a howler monkey
    66 | D:8      | Noticed a howler monkey
    66 | D:8      | Noticed a howler monkey
    69 | D:8      | You fall through a shaft for 3 floors!
   102 | D:11     | Noticed a bullfrog
   103 | D:11     | Noticed a troll
   108 | D:11     | You fall through a shaft for 3 floors!
   108 | D:14     | Noticed a hound
   108 | D:14     | Noticed a meliai
   110 | D:14     | Noticed a meliai
   111 | D:14     | You fall through a shaft!
   111 | D:15     | Entered Level 15 of the Dungeon
   112 | D:15     | Noticed a centaur warrior skeleton
   112 | D:15     | Noticed a freezing wraith
   123 | D:15     | Noticed a basilisk
   123 | D:15     | Noticed a troll
   126 | D:15     | Slain by a centaur warrior skeleton

Action                   || total
-------------------------++-------
Melee: Hand axe          ||     4
 Abil: Shaft Self        ||     7
  Use: Potion            ||     1
Armor: Animal skin       ||     2
Dodge: Dodged            ||     8

Table legend:
 A = Turns spent in this place as a percentage of turns spent in the entire game.
 B = Non-inter-level travel turns spent in this place as a percentage of non-inter-level travel turns spent in the entire game.
 C = Inter-level travel turns spent in this place as a percentage of turns spent in this place.
 D = Turns resting spent in this place as a percentage of non-inter-level travel turns spent in this place.
 E = Turns spent auto-exploring this place as a percentage of non-inter-level travel turns spent in this place.
 F = Non-inter-level travel turns spent in this place divided by the number of levels of this place that you've seen.
                   A       B       C       D       E      F
               +-------+-------+-------+-------+-------+----------------------
         Total | 100.0 | 100.0 |   0.0 |   0.0 |   0.0 |  15.8
       Dungeon | 100.0 | 100.0 |   0.0 |   0.0 |   0.0 |  15.8
               +-------+-------+-------+-------+-------+----------------------

Table legend:
 A = Kills in this place as a percentage of kills in entire the game.
 B = Kills by you in this place as a percentage of kills by you in the entire game.
 C = Kills by friends in this place as a percentage of kills by friends in the entire game.
 D = Other kills in this place as a percentage of other kills in the entire game.
 E = Experience gained in this place as a percentage of experience gained in the entire game.
 F = Experience gained in this place divided by the number of levels of this place that you have seen.
                   A       B       C       D       E      F
               +-------+-------+-------+-------+-------+----------------------
         Total | 100.0 | 100.0 |   N/A |   N/A | 100.0 |   0.2
       Dungeon | 100.0 | 100.0 |   N/A |   N/A | 100.0 |   0.2
               +-------+-------+-------+-------+-------+----------------------

Vault maps used:
D:1:      ldierk_walled_garden_2
D:3:      led_sif_pool, uniq_sigmund
D:5:      kennysheep_big_flooded_room, first_ration
D:8:      lemuel_round_altar, david_lair_shrubbed, grunt_ogre_cave
D:11:     pond
D:14:     elyvilon_altar_1, minmay_nine_imps, uniq_josephine
D:15:     hangedman_depths_entry_civil_slaughter, hex_tiny
